 Dungeon Crawl Stone Soup version 0.17-a0-2115-g0d8b93e (webtiles) character file.

180 Maka the Slasher (level 5, -6/35 HPs)
             Began as a Halfling Fighter on Oct 20, 2015.
             Was a Follower of Cheibriados.
             Mangled by Arkorax's ghost (10 damage)
             ... in an ossuary.
             The game lasted 00:04:33 (2299 turns).

Maka the Slasher (Halfling Fighter)                 Turns: 2299, Time: 00:04:34

Health: -6/35      AC:  9    Str: 18    XL:     5   Next: 91%
Magic:  5/5        EV:  6    Int:  9    God:    Cheibriados [*.....]
Gold:   137        SH: 10    Dex: 17    Spells: 0 memorised, 4 levels left

rFire  . . .     SeeInvis .     a - +0 long sword
rCold  . . .     Clarity  .     p - +0 chain mail
rNeg   . . .     SustAt   .     c - +0 shield
rPois  .         Gourm    +     (no helmet)
rElec  .         Spirit   .     (no cloak)
rCorr  .         Warding  .     (no gloves)
rMut   .         Stasis   .     (no boots)
MR     .....                    b - amulet of the gourmand
Stlth  ..........               (no ring)
                                n - ring of loudness (curse)

@: very slow, not resistant to hostile enchantments, extremely unstealthy
A: mutation resistance 1
a: Bend Time, Renounce Religion


You were in an ossuary.
You worshipped Cheibriados.
Cheibriados was aware of your devotion.
You were not hungry.

You visited 1 branch of the dungeon, and saw 4 of its levels.
You also visited: Ossuary.

You collected 137 gold pieces.

Inventory:

Hand Weapons
 a - a +0 long sword (weapon)
Armour
 c - a +0 shield (worn)
 p - a +0 chain mail (worn)
Jewellery
 b - an amulet of the gourmand (around neck)
 n - a cursed ring of loudness (left hand)
Scrolls
 k - a scroll of enchant armour
 l - a scroll of teleportation
 o - a scroll of identify
Potions
 d - a potion of might
 i - a potion of heal wounds
 j - a potion of haste {unknown}
 q - a potion of curing
Comestibles
 e - 3 bread rations
 g - a slice of pizza
 h - 2 beef jerkies
 m - a royal jelly


   Skills:
 - Level 2.6 Fighting
 + Level 5.6 Long Blades
 - Level 3.2 Armour
 - Level 3.2 Shields


You had 4 spell levels left.
You didn't know any spells.

Dungeon Overview and Level Annotations

Branches:
Dungeon (4/15)
 Temple: D:4-7

Altars:
Cheibriados
Nemelex Xobeh
Ru
Trog

Annotations:
Ossuary Arkorax's ghost, novice OgBe


Innate Abilities, Weirdness & Mutations

You are small and have problems with some larger weapons.
You are somewhat resistant to further mutation.


Message History

Arkorax's ghost hits you but does no damage.
The hobgoblin zombie barely misses you.
You hit Arkorax's ghost.
Arkorax's ghost is moderately damaged.
Arkorax's ghost hits you but does no damage.
The hobgoblin zombie hits you but does no damage.
You barely miss Arkorax's ghost.
Arkorax's ghost is moderately damaged.
Arkorax's ghost hits you!
You block the hobgoblin zombie's attack.
You hit Arkorax's ghost.
Arkorax's ghost is moderately damaged.
Arkorax's ghost closely misses you.
You slash Arkorax's ghost!
Arkorax's ghost is heavily damaged.
Arkorax's ghost hits you!
* * * LOW HITPOINT WARNING * * *
You block the hobgoblin zombie's attack.
Arkorax's ghost hits you!
You die...

#### ##### ##
#!?!!#..Z#..∩#
+![)!#.@W'...#
#!!!!#...#...#
#### ##### .#


You could see Arkorax's ghost and a hobgoblin zombie.

Vanquished Creatures
  3 adders
  An ooze (D:4)
  4 worms (D:2)
  3 giant cockroaches
  5 goblins
  9 hobgoblins
  3 jackals (D:3)
  8 kobolds
  A quokka (D:3)
  5 bats
  4 giant newts (D:1)
  A kobold zombie (D:4)
  6 rats
53 creatures vanquished.

Vanquished Creatures (others)
  The ghost of aliceinspace the Magician, an amateur GrWz (D:3)
1 creature vanquished.

Grand Total: 54 creatures vanquished

Notes
Turn   | Place    | Note
--------------------------------------------------------------
     0 | D:1      | Maka the Halfling Fighter began the quest for the Orb.
     0 | D:1      | Reached XP level 1. HP: 15/15 MP: 1/1
    93 | D:1      | Reached XP level 2. HP: 20/20 MP: 2/2
   556 | D:1      | Reached XP level 3. HP: 11/25 MP: 3/3
   773 | D:2      | Noticed a moth of wrath
   776 | D:2      | Found a bloodstained altar of Trog.
  1172 | D:2      | Reached XP level 4. HP: 30/30 MP: 4/4
  1228 | D:2      | Reached skill level 4 in Long Blades
  1248 | D:2      | Found a sacrificial altar of Ru.
  1314 | D:2      | Found a snail-covered altar of Cheibriados.
  1314 | D:2      | Found a sparkling altar of Nemelex Xobeh.
  1319 | D:2      | Became a worshipper of Cheibriados the Contemplative
  1514 | D:3      | Noticed aliceinspace's ghost (amateur GrWz)
  1548 | D:3      | Killed aliceinspace's ghost
  1548 | D:3      | Reached skill level 5 in Long Blades
  1548 | D:3      | Reached XP level 5. HP: 25/35 MP: 5/5
  1981 | D:3      | Reached * piety under Cheibriados
  2255 | D:4      | Found a sand-covered staircase.
  2284 | Ossuary  | Entered an ossuary
  2286 | Ossuary  | Noticed Arkorax's ghost (novice OgBe)
  2299 | Ossuary  | Mangled by Arkorax's ghost

Vault maps used:
D:1:      ncdulo_halloftheorcs
D:2:      lemuel_doored_altar, tgw_trog, gammafunk_temple_overflow_wave
D:3:      first_bread
D:4:      enter_ossuary_3, kennysheep_minor_cross, corner_web_ring
Ossuary:  ossuary_tomb_2

Action                   |  1- 3 |  4- 6 || total
-------------------------+-------+-------++-------
Melee: Long sword        |   108 |   131 ||   239
  Use: Scroll            |     5 |       ||     5
  Eat: Chunk             |       |     5 ||     5
